 Dungeon Crawl Stone Soup version 0.29.0-11-gd7f09526c8 (webtiles) character file.

Game seed: 17026934821952050965

674 apoch the Cleaver (level 7, 0/57 HPs)
             Began as a Minotaur Fighter on Sept 7, 2022.
             Slain by Edmund
             ... wielding a +4 flail of protection
              (1 damage)
             ... on level 4 of the Dungeon.
             The game lasted 00:03:49 (3756 turns).

apoch the Cleaver (Minotaur Fighter)                Turns: 3756, Time: 00:03:50

Health: 0/57       AC: 10    Str: 22    XL:     7   Next: 33%
Magic:  6/6        EV:  7    Int: 11    God:
Gold:   163        SH:  4    Dex: 10    Spells: 6/6 levels left

rFire   . . .      SeeInvis .   h - +0 broad axe
rCold   . . .      Faith    .   c - +0 buckler
rNeg    . . .      Spirit   .   i - +1 chain mail
rPois   .          Reflect  .   (helmet restricted)
rElec   .          Harm     .   (no cloak)
rCorr   .          Rampage  .   (no gloves)
Will    .....                   (no boots)
Stlth   ..........              (no amulet)
HPRegen 0.19/turn               n - +6 ring of intelligence
MPRegen 0.10/turn               (no ring)

@: no status effects
A: horns 2, retaliatory headbutt
a: no special abilities


You were on level 4 of the Dungeon.
You visited 1 branch of the dungeon, and saw 4 of its levels.

You collected 163 gold pieces.

Inventory:

Hand Weapons
 a - a +0 war axe
 h - a +0 broad axe (weapon)
Missiles
 l - 2 poisoned darts
 q - a curare-tipped dart
Armour
 b - a +0 scale mail
 c - a +0 buckler (worn)
 i - a +1 chain mail (worn)
Jewellery
 n - a +6 ring of intelligence (left hand)
 r - a ring of magical power
Scrolls
 g - a scroll of amnesia
 o - a scroll of teleportation
 p - a scroll of butterflies
Potions
 d - 3 potions of might
 e - 3 potions of magic {unknown}
 f - a potion of brilliance {unknown}
 j - a potion of curing {unknown}
 m - 3 potions of invisibility
 s - a potion of flight {unknown}
 t - a potion of heal wounds {unknown}


   Skills:
 - Level 3.6 Fighting
 + Level 10.0 Axes
 - Level 3.6 Armour
 - Level 3.6 Shields


You had 6 spell levels left.
You didn't know any spells.
Your spell library was empty.

Dungeon Overview and Level Annotations

Branches:
Dungeon (4/15)
 Temple: D:4-7

Altars:
Sif Muna

Shops:
D:2 *

Annotations:
D:4 Edmund


Innate Abilities, Weirdness & Mutations

You have a pair of horns on your head.
You reflexively headbutt those who attack you in melee.


Message History

You block Edmund's attack.
You closely miss Edmund.
Edmund is severely wounded.
Edmund hits you with a +4 flail of protection.
You barely miss Edmund.
Edmund is severely wounded.
You block Edmund's attack.
Edmund hits you with a +4 flail of protection.
You closely miss Edmund.
Edmund is severely wounded.
Edmund hits you but does no damage.
You barely miss Edmund.
Edmund is severely wounded.
Edmund hits you with a +4 flail of protection.
You hit Edmund.
Edmund is almost dead.
Edmund hits you with a +4 flail of protection.
You hit Edmund but do no damage. Your headbutt misses Edmund.
Edmund is almost dead.
Edmund hits you with a +4 flail of protection.
You barely miss Edmund. You headbutt Edmund.
Edmund is almost dead.
Edmund hits you with a +4 flail of protection!
You hit Edmund but do no damage.
Edmund is almost dead.
Edmund hits you with a +4 flail of protection.
Edmund hits you with a +4 flail of protection!
* * * LOW HITPOINT WARNING * * *
You closely miss Edmund.
Edmund is almost dead.
Edmund closely misses you. You furiously retaliate!
You headbutt Edmund, but do no damage. You barely miss Edmund.
Edmund is almost dead.
Edmund hits you with a +4 flail of protection!
* * * LOW HITPOINT WARNING * * *
You barely miss Edmund. You headbutt Edmund.
Edmund is almost dead.
Edmund hits you with a +4 flail of protection.
You die...

.........>..[.)..........
..........###)###..#...
##........##.....##.....
...#..#.#..#....
....#.#.#......
...#..#.#..#.... #.
##.....## ..
....###.###....
......@@)......
.......).....##
.........#.....
...........##..
............ #
.............
............##
......##.####


You could see Edmund.

Vanquished Creatures
  A black bear (D:4)
  2 ogres (D:4)
  Blork the orc (D:4)
  2 scorpions
  A necrophage (D:4)
  5 gnolls
  5 adders
  4 orcs
  6 bats
  5 endoplasms
  4 giant cockroaches
  6 goblins
  8 hobgoblins
  8 jackals
  3 quokkas
  6 ball pythons
  3 frilled lizards (D:1)
  8 kobolds
  5 rats
  A spectral kobold (D:1)
84 creatures vanquished.

Notes
Turn   | Place    | Note
-------+----------+-------------------------------------------
     0 | D:1      | apoch the Minotaur Fighter began the quest for the Orb.
     0 | D:1      | Reached XP level 1. HP: 19/19 MP: 0/0
    62 | D:1      | Reached skill level 3 in Axes
   116 | D:1      | Found a faded altar of an unknown god.
   176 | D:1      | Reached XP level 2. HP: 23/26 MP: 1/1
   650 | D:1      | Reached skill level 4 in Axes
   921 | D:1      | Reached XP level 3. HP: 31/31 MP: 2/2
  1263 | D:2      | Found a shimmering blue altar of Sif Muna.
  1421 | D:2      | Found Ikhlue Udyt's General Store.
  1446 | D:2      | Reached skill level 5 in Axes
  1447 | D:2      | Reached XP level 4. HP: 21/39 MP: 3/3
  1971 | D:2      | Reached skill level 6 in Axes
  2743 | D:3      | Noticed a scorpion
  2749 | D:3      | Killed a scorpion
  2750 | D:3      | Reached skill level 7 in Axes
  2750 | D:3      | Reached XP level 5. HP: 36/45 MP: 4/4
  3330 | D:4      | Reached XP level 6. HP: 39/51 MP: 5/5
  3439 | D:4      | Reached skill level 8 in Axes
  3499 | D:4      | Noticed Blork the orc
  3544 | D:4      | Killed Blork the orc
  3663 | D:4      | Reached skill level 9 in Axes
  3710 | D:4      | Reached XP level 7. HP: 56/57 MP: 6/6
  3735 | D:4      | Noticed Edmund
  3739 | D:4      | Reached skill level 10 in Axes
  3755 | D:4      | HP: 1/57 [Edmund/+4 flail of protection (11)]
  3756 | D:4      | Slain by Edmund

Illustrated notes

Levels and vault maps discovered:
D:1:      psy_arrival_fountain, layout_loops_corners,
          dreamdust_ecumenical_altar_drowned_temple
D:2:      layout_basic, serial_forest, infiniplex_forest_end_1,
          infiniplex_forest_end_2, infiniplex_forest_clump_diagonal,
          infiniplex_forest_straight_3, infiniplex_forest_lined_ring,
          infiniplex_forest_straight_2, infiniplex_forest_straight_2,
          basic_altar, serial_shops, nicolae_shop_hallway_plus
D:3:      layout_basic, minmay_distorted
D:4:      cheibrodos_helix_gallery, layout_cave_pools, minmay_box_of_dots,
          uniq_edmund, uniq_sigmund, uniq_ijyb, uniq_blork_the_orc

Skill      XL: |  1  2  3  4  5  6  7 |
---------------+----------------------+-----
Axes           | 3 4 5 7 9 10 | 10.0
Fighting       | |  3.6
Armour         | |  3.6
Shields        | |  3.6

Action                   |  1- 3 |  4- 6 |  7- 9 || total
-------------------------+-------+-------+-------++-------
Melee: War axe           |    79 |    71 |       ||   150
       Headbutt          |     6 |    19 |     8 ||    33
       Broad axe         |       |    15 |    24 ||    39
Throw: Stone             |    16 |    15 |     1 ||    32
       Dart              |       |    22 |       ||    22
  Use: Scroll            |       |     7 |       ||     7
Armor: Scale mail        |    27 |       |       ||    27
       Chain mail        |       |    41 |     5 ||    46
Dodge: Dodged            |    32 |    27 |     7 ||    66
Block: Buckler           |    19 |    16 |     4 ||    39
